Map: Automaton LE

Players

ShoWTimE - Winner!

  • Race: Protoss Protoss
  • League: Grandmaster
  • Spawn Location: 9:00

Zanster

  • Race: Zerg Zerg
  • Spawn Location: 3:00

Event: 2019 WCS Winter Europe

VOD

Have the link to the VOD?

Description

Time

  • Played on: Feb. 10, 2019, 11:28 a.m.
  • Length: 9:41

All games in this series

Show
View Real Time Build Order
Export as new Build Order

ShoWTimE Protoss - Winner!

Build Orders: 1 Gate Expand 

Get SALT Encoding   

  12  0:00  Probe  
  13  0:12  Probe  
  14  0:18  Pylon  
  14  0:24  Probe  
  15  0:32  Probe  
  15  0:40  Probe, Gateway  
  16  0:47  Assimilator  
  17  0:51  Probe  
  18  1:03  Probe  
  19  1:15  Probe  
  20  1:25  Nexus  
  20  1:36  Cybernetics Core  
  20  1:37  Probe  
  21  1:45  Assimilator  
  21  1:50  Probe  
  21  1:53  Pylon  
  22  2:02  Probe, Adept  
  23  2:14  Probe  
  26  2:22  Warp Gate  
  26  2:24  Stalker  
  26  2:26  Probe  
  27  2:34  Probe  
  27  2:36  Twilight Council  
  29  2:38  Probe  
  29  2:42  Probe  
  31  2:50  Probe  
  33  2:52  Probe, Adept  
  36  3:01  Gateway  
  36  3:06  Shield Battery  
  36  3:09  Probe  
  37  3:14  Adept  
  37  3:15  Resonating Glaives  
  37  3:19  Probe  
  40  3:30  Probe  
  40  3:31  Gateway  
  40  3:32  Probe  
  42  3:36  Pylon  
  42  3:42  Probe  
  42  3:44  Probe  
  42  3:48  Robotics Facility  
  44  3:54  Probe  
  45  3:56  Probe  
  45  3:58  Pylon  
  45  4:02  Assimilator  
  46  4:06  Probe  
  46  4:08  Probe  
  48  4:10  Adept x2  
  48  4:14  Assimilator  
  52  4:18  Probe  
  52  4:21  Probe, Pylon  
  54  4:30  Probe  
  55  4:32  Adept x2  
  55  4:33  Probe  
  55  4:34  Observer  
  55  4:35  Adept  
  56  4:41  Pylon  
  56  4:43  Probe  
  58  4:48  Probe, Pylon  
  58  4:52  Sentry x2, Warp Prism  
  63  4:58  Probe  
  66  5:04  Adept  
  68  5:11  Shield Battery  
  68  5:13  Shield Battery  
  68  5:17  Shield Battery  
  68  5:18  Stalker, Immortal  
  68  5:20  Sentry, Pylon  
  76  5:38  Probe x2  
  76  5:41  Forge  
  78  5:51  Immortal  
  78  5:52  Adept x2  
  78  5:54  Probe x2  
  84  6:02  Sentry  
  90  6:08  Pylon  
  90  6:11  Probe  
  90  6:12  Probe, Gateway  
  90  6:13  Gateway  
  90  6:15  Protoss Ground Weapons Level 1  
  92  6:30  Gateway  
  92  6:31  Sentry x2, Gateway  
  92  6:32  Sentry  
  98  6:35  Probe x2  
  100  6:46  Pylon  
  100  6:49  Nexus, Probe x2  
  102  7:02  Immortal  
  102  7:05  Pylon  
  102  7:07  Photon Cannon, Pylon  
  106  7:20  Pylon  
  106  7:21  Charge  
  106  7:27  Pylon  
  106  7:34  Probe x2, Templar Archives  
  108  7:38  Shield Battery  
  108  7:41  Zealot, Pylon  
  110  7:48  Adept  
  110  7:49  Adept x5  
  122  8:04  Stalker  
  124  8:10  Stalker x2  
  121  8:15  Stalker  
  123  8:25  Probe x2  
  125  8:34  Probe  
  125  8:37  High Templar, Probe  
  125  8:38  High Templar x4  
  125  8:39  High Templar  
  125  8:40  Probe  
  140  8:44  Archon x3  
  140  8:46  Probe  
  141  8:57  Zealot  
  133  9:10  Zealot x2  
  133  9:11  Zealot x3  
  132  9:19  Zealot x2  
  107  9:29  Zealot x2  
  109  9:31  Zealot x3  
Show
View Real Time Build Order
Export as new Build Order

Zanster Zerg 

Build Orders: Hatch First 

Get SALT Encoding   

  12  0:00  Drone  
  13  0:13  Overlord  
  13  0:17  Drone  
  14  0:31  Drone x2  
  16  0:50  Hatchery  
  16  0:52  Drone  
  16  0:56  Drone  
  17  1:00  Drone  
  18  1:07  Extractor  
  17  1:15  Spawning Pool  
  16  1:19  Drone  
  16  1:22  Drone  
  18  1:29  Drone  
  20  1:40  Drone  
  20  1:51  Overlord  
  20  2:03  Queen x2  
  20  2:04  Zergling x4  
  26  2:11  Metabolic Boost  
  26  2:15  Zergling x2  
  27  2:17  Zergling x2  
  28  2:24  Zergling x4  
  30  2:42  Hatchery  
  29  2:46  Zergling x4  
  31  2:53  Zergling x4  
  33  2:59  Overlord  
  33  3:07  Overlord  
  34  3:18  Zergling x2  
  34  3:19  Zergling x10  
  37  3:28  Drone x4  
  42  3:34  Drone  
  42  3:39  Drone  
  43  3:46  Overlord  
  43  3:50  Lair  
  43  3:55  Drone  
  44  3:56  Drone  
  44  3:58  Drone  
  44  3:59  Drone x2  
  44  4:02  Drone  
  49  4:06  Spore Crawler, Drone  
  49  4:13  Drone  
  49  4:14  Spore Crawler  
  49  4:19  Baneling Nest  
  49  4:20  Drone  
  50  4:24  Drone  
  49  4:34  Zergling x12  
  53  4:39  Overlord  
  53  4:49  Zergling x2  
  53  4:50  Zergling x2  
  55  5:00  Zergling x8  
  55  5:04  Baneling  
  55  5:05  Hatchery, Baneling x3  
  58  5:07  Baneling  
  58  5:14  Zergling x10  
  60  5:18  Baneling  
  64  5:21  Zergling x2  
  64  5:25  Overlord  
  64  5:26  Drone x3  
  64  5:27  Drone  
  68  5:30  Evolution Chamber  
  68  5:32  Drone  
  68  5:44  Extractor, Drone x3  
  68  5:47  Overseer  
  68  5:48  Drone  
  71  5:53  Overlord  
  71  5:57  Drone x4  
  71  6:00  Drone  
  71  6:01  Overlord  
  76  6:11  Pneumatized Carapace, Queen  
  76  6:12  Overlord  
  78  6:19  Drone x4  
  81  6:28  Zergling x10  
  85  6:33  Overlord  
  82  6:53  Zergling x10  
  82  6:54  Zergling x10  
  90  6:55  Zerg Melee Weapons Level 1  
  88  7:02  Baneling x4  
  88  7:07  Drone  
  89  7:15  Zergling x8  
  93  7:18  Zergling x2  
  93  7:21  Zergling x6  
  93  7:22  Baneling  
  96  7:23  Baneling x2  
  96  7:24  Hatchery, Baneling  
  91  7:30  Zergling x2  
  91  7:31  Zergling x4  
  91  7:34  Overlord  
  93  7:40  Zergling x6  
  93  7:41  Zergling x4  
  98  7:44  Zergling x2  
  98  7:51  Overlord  
  98  7:55  Zergling x14  
  100  8:09  Overlord  
  100  8:10  Zergling x4  
  100  8:18  Zergling x4  
  100  8:19  Zergling x6  
  101  8:22  Baneling x5  
  101  8:23  Baneling x6  
  95  8:33  Baneling, Zergling x4  
  95  8:34  Baneling x2  
  96  8:38  Zergling x2  
  95  8:51  Zergling x4  
  95  8:52  Zergling x2  
  98  9:00  Zergling x14  
  91  9:12  Baneling  
  91  9:13  Baneling  
  91  9:14  Zergling x4  
  85  9:23  Zergling x4  
Tags
 
Add a new tag
Caveats
  • Supply blocks, unpowered buildings, or Contaminate may cause inaccurate times.
  • Supply counts are checked every 10 seconds.